Map: Overgrowth LE (Void)

Players

Nono

  • Race: Protoss Protoss
  • League: Diamond
  • Spawn Location: 7:00

Amix - Winner!

  • Race: Zerg Zerg
  • League: Platinum
  • Spawn Location: 1:00

VOD

Have the link to the VOD?

Description

Time

  • Played on: Dec. 17, 2016, 2:07 a.m.
  • Length: 5:30
Show
View Real Time Build Order
Export as new Build Order

Nono Protoss 

Build Orders:  

Get SALT Encoding   

  12  0:01  Probe (Chrono Boost)  
  13  0:11  Probe (Chrono Boost)  
  14  0:18  Pylon  
  14  0:22  Probe (Chrono Boost)  
  15  0:36  Probe (Chrono Boost)  
  15  0:38  Gateway  
  16  0:46  Probe (Chrono Boost)  
  16  0:49  Assimilator  
  17  0:56  Assimilator  
  18  0:57  Probe (Chrono Boost)  
  18  1:07  Probe (Chrono Boost)  
  19  1:18  Probe (Chrono Boost)  
  20  1:25  Cybernetics Core  
  20  1:27  Zealot  
  20  1:29  Probe (Chrono Boost)  
  23  1:33  Pylon  
  23  1:47  Pylon  
  23  1:50  Warp Gate  
  23  1:51  Probe (Chrono Boost)  
  24  2:00  Gateway  
  24  2:02  Adept  
  26  2:11  Probe (Chrono Boost)  
  27  2:29  Probe (Chrono Boost)  
  28  2:37  Nexus  
  29  2:44  Probe (Chrono Boost)  
  29  2:57  Gateway  
  29  3:01  Gateway  
  29  3:08  Pylon  
  29  3:12  Probe (Chrono Boost)  
  30  3:24  Robotics Facility  
  30  3:30  Probe (Chrono Boost)  
  32  3:42  Probe (Chrono Boost)  
  32  3:50  Pylon  
  32  3:52  Pylon  
  32  3:53  Probe (Chrono Boost)  
  32  3:54  Probe (Chrono Boost)  
  34  4:00  Pylon  
  34  4:03  Probe (Chrono Boost)  
  34  4:06  Probe (Chrono Boost)  
  36  4:14  Observer, Probe (Chrono Boost)  
  39  4:18  Probe (Chrono Boost)  
  39  4:20  Assimilator  
  39  4:23  Stalker  
  41  4:24  Assimilator  
  41  4:25  Probe (Chrono Boost)  
  41  4:26  Sentry  
  41  4:30  Zealot, Probe (Chrono Boost)  
  47  4:34  Stalker  
  47  4:37  Probe (Chrono Boost)  
  51  4:46  Probe (Chrono Boost)  
  51  4:48  Immortal  
  55  4:56  Sentry  
  55  4:57  Zealot  
  55  4:58  Zealot  
  51  5:06  Zealot  
  29  5:18  Zealot  
Show
View Real Time Build Order
Export as new Build Order

Amix Zerg - Winner!

Build Orders: Hatch First 

Get SALT Encoding   

  12  0:01  Drone  
  13  0:08  Drone  
  14  0:17  Overlord  
  14  0:23  Drone, Extractor  
  17  0:35  Drone x2  
  17  0:54  Hatchery  
  17  0:57  Drone  
  17  1:00  Extractor  
  17  1:02  Drone  
  17  1:17  Spawning Pool  
  16  1:19  Drone  
  16  1:23  Drone  
  18  1:27  Drone  
  19  1:37  Overlord  
  19  1:50  Drone  
  20  2:05  Drone  
  20  2:06  Metabolic Boost  
  20  2:08  Queen  
  21  2:09  Queen  
  21  2:13  Zergling x2  
  26  2:16  Zergling x2  
  26  2:18  Drone  
  26  2:22  Drone  
  29  2:30  Drone  
  29  2:32  Drone  
  31  2:44  Queen  
  31  2:45  Pneumatized Carapace  
  31  2:49  Drone x2  
  35  2:53  Evolution Chamber  
  35  2:54  Drone  
  35  2:59  Overlord  
  35  3:05  Overlord  
  35  3:08  Overlord  
  35  3:14  Zergling x2  
  35  3:17  Zergling x4  
  35  3:18  Zergling x2  
  39  3:24  Zergling x6  
  39  3:27  Zergling x2  
  43  3:30  Zergling x2  
  43  3:31  Zergling x2  
  45  3:41  Zergling x4  
  45  3:47  Zergling x2  
  48  3:49  Zergling x2  
  49  4:16  Zergling x2  
  49  4:17  Zergling x10  
  55  4:19  Queen x2  
  55  4:23  Zergling x2  
  60  4:24  Overlord x2  
  55  5:11  Zergling x18  
Tags
 
Add a new tag
Caveats
  • Supply blocks, unpowered buildings, or Contaminate may cause inaccurate times.
  • Supply counts are checked every 10 seconds.